 Dungeon Crawl Stone Soup version 0.16.1-12-gf5c4a84 (webtiles) character file.

866 jacksonaction the Transmogrifier (level 8, -7/48 HPs)
             Began as an Octopode Transmuter on Apr 9, 2015.
             Mangled by an ice beast (8 damage)
             ... on level 5 of the Dungeon on Apr 10, 2015.
             The game lasted 00:43:33 (6692 turns).

jacksonaction the Transmogrifier (OpTm)             Turns: 6692, Time: 00:43:33

Health: -7/48      AC:  1    Str:  9    XL:     8   Next: 3%
Magic:  22/25      EV: 12    Int: 16    God:
Gold:   241        SH:  0    Dex: 14    Spells: 3 memorised, 4 levels left

rFire  . . .     SeeInvis +       - Unarmed
rCold  . . .     Clarity  .     (shield currently unavailable)
rNeg   . . .     SustAb   .     (helmet restricted)
rPois  .         Gourm    .     (no amulet)
rElec  .         Spirit   .     d - ring of ice
rCorr  .         Warding  .     i - ring of fire
rMut   .         Stasis   .     p - ring of see invisible
MR     .....                    G - ring of magical power
Stlth  ++........               (no ring)
                                (no ring)
                                (no ring)
                                (no ring)

@: blade tentacles, not resistant to hostile enchantments, unstealthy
A: almost no armour, amphibious, 8 rings, constrict 8, camouflage 1, gelatinous
body 1
a: End Transformation


You were on level 5 of the Dungeon.
You were hungry.
You had blades for tentacles.
You visited 1 branch of the dungeon, and saw 5 of its levels.

You collected 241 gold pieces.

Inventory:

Missiles
 f - 61 stones
 v - 5 tomahawks (quivered)
 z - 2 curare-tipped needles
 B - 11 poisoned needles
 F - 3 javelins
Jewellery
 d - a ring of ice (left scythe-like blade)
 i - a ring of fire (right scythe-like blade)
 p - a ring of see invisible (on tentacle)
 G - a ring of magical power (on tentacle)
Magical devices
 r - a wand of disintegration (13)
Scrolls
 b - 3 scrolls of remove curse
 g - a scroll of amnesia {unknown}
 k - 5 scrolls of identify
 l - a scroll of enchant armour {unknown}
 o - 2 scrolls of immolation {unknown}
 t - 2 scrolls of recharging {unknown}
 w - a scroll of fog {unknown}
 x - a scroll of noise {unknown}
 y - 2 scrolls of enchant weapon {unknown}
 C - 2 scrolls of teleportation {unknown}
Potions
 c - a potion of flight {unknown}
 e - a potion of heal wounds {unknown}
 h - 2 potions of lignification {unknown}
 j - 2 potions of magic {unknown}
 n - 3 potions of resistance {unknown}
 q - a potion of invisibility {unknown}
 u - 2 potions of might
 D - a potion of brilliance {unknown}
 E - 2 potions of curing {unknown}
Books
 s - a book of the Tempests

   Spells                             Type                      Level
   a - Static Discharge               Conjuration/Air              3
   b - Lightning Bolt                 Conjuration/Air              5
   c - Fireball                       Conjuration/Fire             5
   d - Tornado                        Air                          9
   e - Shatter                        Earth                        9
Comestibles
 a - 2 bread rations
 m - a slice of pizza
 A - a beef jerky


   Skills:
 - Level 1.0 Fighting
 - Level 2.0 Dodging
 - Level 3.3 Unarmed Combat
 - Level 3.0 Spellcasting
 + Level 8.5 Transmutations


You had 4 spell levels left.
You knew the following spells:

 Your Spells              Type           Power        Failure   Level  Hunger
a - Beastly Appendage     Trmt           ####..       14%         1    #......
b - Spider Form           Trmt/Pois      ###.......   50%         3    ###....
c - Blade Hands           Trmt           ####......   58%         5    ######.


Dungeon Overview and Level Annotations

Branches:
Dungeon (5/15)
 Temple: D:4-7

Altars:
Dithmenos
Kikubaaqudgha
Trog

Annotations:
D:4 Ljcope's ghost, average DEWz


Innate Abilities, Weirdness & Mutations

You cannot wear most types of armour.
You are amphibious.
You can wear up to eight rings at the same time.
You can use your tentacles to constrict many enemies at once.
Your skin changes colour to match your surroundings (Stealth).
Your rubbery body absorbs attacks (AC +1).


Message History

The ice beast hits you. The ice beast freezes you!
You hit the ice beast.
The ice beast is lightly wounded.
The ice beast closely misses you.
You slash the ice beast!
The ice beast is heavily wounded.
The ice beast hits you. The ice beast freezes you!
You hit the ice beast.
The ice beast is heavily wounded.
The ice beast misses you.
You hit the ice beast.
The ice beast is severely wounded.
The ice beast hits you. The ice beast freezes you!
* * * LOW HITPOINT WARNING * * *
You slash the ice beast!
The ice beast is almost dead.
The ice beast hits you.
* * * LOW HITPOINT WARNING * * *
The ice beast freezes you!
You die...

#.##.....
#.####### #.#
#.# #.# #.#
#.#
###########.#
#.@Y.....##.#
#.######.##.#
#.# #.##.#
#<#
#.##.######
###
#.##......#
#.#######.#
#.#######.##
#...........
#########.##


You could see an ice beast.

Vanquished Creatures
  Grinder (D:3)
  A centaur (D:5)
  A sky beast (D:5)
  An ogre (D:4)
  A hound (D:5)
  2 orc priests
  Natasha (thrice) (D:3)
  An iguana (D:4)
  An orc wizard (D:4)
  A worker ant (D:5)
  A worker ant zombie (D:4)
  8 adders
  A shadow imp (D:5)
  3 giant mites (D:4)
  2 worms (D:2)
  An adder skeleton (D:5)
  4 oozes
  14 orcs
  12 bats
  8 giant cockroaches
  9 hobgoblins
  6 kobolds
  2 quokkas (D:3)
  2 ball pythons (D:3)
  8 giant geckos
  4 giant newts
  10 goblins
  6 jackals
  13 rats
127 creatures vanquished.

Notes
Turn   | Place    | Note
--------------------------------------------------------------
     0 | D:1      | jacksonaction, the Octopode Transmuter, began the quest for the Orb.
     0 | D:1      | Reached XP level 1. HP: 13/13 MP: 3/3
   336 | D:1      | Reached XP level 2. HP: 13/18 MP: 1/4
   906 | D:1      | Reached XP level 3. HP: 23/23 MP: 4/6
   916 | D:1      | Learned a level 3 spell: Spider Form
  1989 | D:2      | Reached skill level 4 in Transmutations
  1989 | D:2      | Reached XP level 4. HP: 13/28 MP: 4/7
  2284 | D:3      | Found a shadowy altar of Dithmenos.
  2612 | D:3      | Reached XP level 5. HP: 23/33 MP: 2/9
  2763 | D:3      | Noticed Grinder
  2808 | D:3      | Reached skill level 5 in Transmutations
  2820 | D:3      | Noticed Natasha
  2827 | D:3      | Killed Natasha
  2908 | D:3      | Noticed Natasha
  3274 | D:3      | Killed Natasha
  3306 | D:3      | Learned a level 5 spell: Blade Hands
  3350 | D:3      | Paralysed by Grinder for 2 turns
  3357 | D:3      | Killed Grinder
  3357 | D:3      | Reached skill level 6 in Transmutations
  3357 | D:3      | Reached XP level 6. HP: 13/38 MP: 11/11
  3833 | D:3      | Noticed Natasha
  3836 | D:3      | Killed Natasha
  3847 | D:3      | Found an ancient bone altar of Kikubaaqudgha.
  4245 | D:4      | Noticed Ljcope's ghost (average DEWz)
  4339 | D:4      | Reached XP level 7. HP: 13/43 MP: 14/14
  4629 | D:4      | Reached skill level 7 in Transmutations
  5245 | D:5      | Entered Level 5 of the Dungeon
  5570 | D:5      | Reached skill level 8 in Transmutations
  5849 | D:5      | Found a bloodstained altar of Trog.
  6334 | D:5      | Reached XP level 8. HP: 32/48 MP: 16/16
  6692 | D:5      | HP: 1/48 [ice beast (2)]
  6692 | D:5      | Mangled by an ice beast

Action                   |  1- 3 |  4- 6 |  7- 9 || total
-------------------------+-------+-------+-------++-------
Melee: Unarmed           |   107 |   114 |    90 ||   311
Throw: Stone             |    23 |    13 |       ||    36
       Tomahawk          |       |    24 |    15 ||    39
 Cast: Beastly Appendage |    17 |    16 |    12 ||    45
       Spider Form       |     4 |    11 |     3 ||    18
       Blade Hands       |       |       |     2 ||     2
  Use: Scroll            |       |     1 |       ||     1
       Potion            |       |       |     1 ||     1
 Stab: Sleeping          |     4 |     4 |     2 ||    10
  Eat: Chunk             |     4 |     9 |     8 ||    21
